 Dungeon Crawl Stone Soup version 0.28-a0-1567-g1695149f81 (webtiles) character file.

Game seed: 11356403896860858109

4407 riojii the Martial Artist (level 10, 0/79 HPs)
             Began as an Octopode Transmuter on Jan 19, 2022.
             Was an Initiate of Makhleb.
             Slain by Harold (19 damage)
             ... on level 9 of the Dungeon.
             The game lasted 00:24:12 (18087 turns).

riojii the Martial Artist (Octopode Transmuter)    Turns: 18087, Time: 00:24:13

Health: 0/79       AC:  8    Str:  9    XL:     10   Next: 36%
Magic:  17/17      EV: 12    Int: 23    God:    Makhleb [......]
Gold:   428        SH:  0    Dex: 16    Spells: 12/19 levels left

rFire   . . .      SeeInvis +     - Unarmed
rCold   + + +      Faith    .   (shield currently unavailable)
rNeg    . . .      Spirit   .   (helmet currently unavailable)
rPois   +          Reflect  .   (no amulet)
rElec   .          Harm     .   b - +6 ring of intelligence
rCorr   +          Rampage  .   c - ring of see invisible
Will    .....                   i - ring of protection from fire
Stlth   +.........              p - ring of resist corrosion
HPRegen 0.23/turn               (no ring)
MPRegen 0.15/turn               (no ring)
                                (no ring)
                                (no ring)

@: ice-form, marked
A: freezing attack, boosted hp, almost no armour, amphibious, 8 rings, large,
(camouflage 1), (gelatinous body 1), (nimble swimmer 1), (tentacles)
a: End Transformation, Renounce Religion


You were on level 9 of the Dungeon.
You worshipped Makhleb.
Makhleb was noncommittal.
You were a creature of crystalline ice.
You visited 2 branches of the dungeon, and saw 10 of its levels.

You collected 428 gold pieces.

Inventory:

Missiles
 f - 8 poisoned darts
Jewellery
 b - a +6 ring of intelligence (left front paw)
 c - a ring of see invisible (right front paw)
 i - a ring of protection from fire (on tentacle)
 p - a ring of resist corrosion (on tentacle)
Wands
 d - a wand of flame (14)
 m - a wand of digging (4)
 o - a wand of iceblast (4)
 q - a wand of paralysis (2)
Scrolls
 a - 2 scrolls of enchant armour
 h - a scroll of amnesia
 k - a scroll of magic mapping
 r - a scroll of identify
Potions
 e - a potion of brilliance
 g - 3 potions of curing
 l - a potion of cancellation


   Skills:
 + Level 5.2 Fighting
 + Level 5.6 Dodging
 * Level 8.2 Unarmed Combat
 + Level 5.1 Spellcasting
 * Level 7.8 Transmutations
 - Level 4.0 Ice Magic
 - Level 1.8 Poison Magic


You had 12 spell levels left.
You knew the following spells:

 Your Spells              Type           Power      Damage    Failure   Level
b - Spider Form           Tmut/Pois      28%        N/A       3%          3
c - Ice Form              Ice/Tmut       33%        N/A       9%          4

Your spell library contained the following spells:

 Spells                   Type           Power      Damage    Failure   Level
 Beastly Appendage        Tmut           84%        N/A       1%          1
 Wereblood                Tmut           42%        N/A       1%          2
 Animate Skeleton         Necr           10%        N/A       10%         1
 Apportation              Tloc           10%        N/A       10%         1
 Shock                    Conj/Air       20%        1d4       10%         1
 Summon Small Mammal      Summ           20%        N/A       10%         1
 Dazzling Flash           Conj/Hex       10%        N/A       28%         3
 Swiftness                Air            5%         N/A       28%         3
 Airstrike                Air            2%         N/A       67%         4
 Eringya's Noxious Bog    Tmut/Pois      14%        N/A       89%         6
 Agony                    Necr           5%         N/A       95%         5
 Silence                  Hex/Air        2%         N/A       95%         5
 Summon Forest            Summ/Tloc      2%         N/A       95%         5
 Summon Hydra             Summ           2%         N/A       100%        7


Dungeon Overview and Level Annotations

Branches:
Dungeon (9/15)             Temple (1/1) D:4
   Lair: D:8-11         Orc: D:9-12

Altars:
Ashenzari
Cheibriados
Dithmenos
Elyvilon
Fedhas
Gozag
Hepliaklqana
Kikubaaqudgha
Makhleb
Nemelex Xobeh
Okawaru
Qazlal
Sif Muna
Trog
Uskayaw
Vehumet
Wu Jian
Xom
Zin
The Shining One

Shops:
D:5 (   D:7 (

Annotations:
D:9 Harold


Innate Abilities, Weirdness & Mutations

You are a creature of crystalline ice.
You have a powerful freezing melee attack.
Your maximum health is increased.
Your armour is entirely melded.
You are incapable of wielding weapons or throwing items.
You cannot wear most types of armour.
You are amphibious.
You can wear up to eight rings at the same time.
((Your skin changes colour to match your surroundings (Stealth+).))
((Your rubbery body absorbs attacks. (AC +1, EV +1)))
((You are camouflaged when in or above water. (Stealth+)))
((You have tentacles for arms and can constrict up to eight enemies at once.))


Message History

You are yanked forward by the harpoon shot.
Harold gestures at you while chanting. A sentinel's mark forms upon you.
Harold hits you but does no damage.
There is a stone staircase leading up here.
You punch Harold! You freeze Harold.
Harold is lightly wounded.
Harold hits you with a +0 halberd!
You hit Harold but do no damage.
Harold is lightly wounded.
Harold hits you but does no damage.
You punch Harold! You freeze Harold.
Harold is moderately wounded.
Harold hits you with a +0 halberd.
You hit Harold but do no damage.
Harold is moderately wounded.
Harold hits you with a +0 halberd!
You completely miss Harold.
Harold is moderately wounded.
You hit Harold but do no damage.
Harold is moderately wounded.
Harold casts a spell at you. The mark upon you grows brighter.
You hit Harold but do no damage.
Harold is moderately wounded.
Harold hits you with a +0 halberd!
You hit Harold. You freeze Harold.
Harold is moderately wounded.
Harold hits you with a +0 halberd.
You hit Harold but do no damage.
Harold is moderately wounded.
Harold hits you with a +0 halberd.
You hit Harold but do no damage.
Harold is moderately wounded.
Harold pauses a moment, imagining something with a smile on his face.
Harold hits you with a +0 halberd!!
* * * LOW HITPOINT WARNING * * *
Harold says, "This is so exciting!
What a great way to end my career!"
Harold hits you with a +0 halberd!!
You die...

####...g.g#.#.#.###
..#.######.#..#..#
#@#)# #.###.#.#
#.#[## ###.###[#.#
#@)#)###.......#.#
#o###<##.#.#.###.#
#.o ##)).........#
...# ##..#.#.##..#
o##. ##Y#.....##..#
.. ..
##.<@....).#..# .
oo #.......##.#>.#
.. #.#.##..###.#..#
.........# #.#..#
###.#.###.# #.#..#
#.#.###.###.#..# #
#............#
#####.###.##.#


You could see Harold.

Vanquished Creatures
  Pikel (D:5)
  Maurice (D:9)
  A komodo dragon (D:5)
  4 slime creatures
  Sigmund (D:6)
  A wyvern (D:8)
  A sky beast (D:8)
  2 orc warriors (D:9)
  A black bear (D:5)
  2 centaurs
  2 ogres
  A lemure (D:5)
  A phantom (D:5)
  A kobold brigand (D:7)
  5 bullfrogs
  2 gnoll sergeants
  A water moccasin zombie (D:3)
  A wyvern zombie (D:8)
  A killer bee (D:8)
  2 howler monkeys (D:7)
  A centaur zombie (D:8)
  3 hounds
  6 orc priests
  Crazy Yiuf (D:2)
  A centaur skeleton (D:4)
  2 iguanas (D:6)
  Ijyb (D:3)
  3 orc wizards
  11 gnolls
  5 adders
  2 white imps
  An ufetubus (D:5)
  An adder skeleton (D:4)
  6 dart slugs
  13 orcs
  6 endoplasms
  A giant cockroach (D:3)
  8 goblins
  11 hobgoblins
  7 jackals (D:1)
  4 quokkas
  5 ball pythons
  10 bats
  4 frilled lizards
  8 kobolds
  A quokka skeleton (D:4)
  5 rats
159 creatures vanquished.

Notes
Turn   | Place    | Note
-------+----------+-------------------------------------------
     0 | D:1      | riojii the Octopode Transmuter began the quest for the Orb.
     0 | D:1      | Reached XP level 1. HP: 13/13 MP: 3/3
    11 | D:1      | You fall into a shaft and drop 1 floor!
   341 | D:1      | Reached XP level 2. HP: 17/18 MP: 3/5
   704 | D:1      | Reached XP level 3. HP: 23/23 MP: 4/6
  1688 | D:2      | Found a runed translucent door.
  1689 | D:2      | Noticed Crazy Yiuf
  1833 | D:2      | Learned a level 3 spell: Spider Form
  2008 | D:2      | Found a faded altar of an unknown god.
  2411 | D:2      | Reached XP level 4. HP: 28/28 MP: 5/7
  2639 | D:2      | Killed Crazy Yiuf
  2691 | D:3      | Noticed Ijyb
  2699 | D:3      | Killed Ijyb
  2700 | D:3      | Reached skill level 1 in Poison Magic
  2708 | D:3      | Reached XP level 5. HP: 26/34 MP: 8/8
  2893 | D:3      | Reached skill level 4 in Unarmed Combat
  3123 | D:2      | Learned a level 4 spell: Ice Form
  3484 | D:3      | Reached XP level 6. HP: 39/39 MP: 6/9
  3529 | D:3      | Found a snail-covered altar of Cheibriados.
  3671 | D:3      | Found a burning altar of Makhleb.
  4648 | D:4      | Reached skill level 1 in Ice Magic
  5270 | D:4      | Found a staircase to the Ecumenical Temple.
  5291 | Temple   | Entered the Ecumenical Temple
  6124 | D:5      | Entered Level 5 of the Dungeon
  6186 | D:5      | Noticed Pikel
  6909 | D:5      | Killed Pikel
  6910 | D:5      | Reached skill level 5 in Unarmed Combat
  6910 | D:5      | Reached XP level 7. HP: 24/46 MP: 7/11
  6910 | D:5      | Reached XP level 8. HP: 27/52 MP: 7/12
  7201 | D:5      | Noticed a komodo dragon
  7220 | D:5      | Killed a komodo dragon
  7221 | D:5      | Reached skill level 5 in Transmutations
  7316 | D:5      | Found Rosag's Weapon Shoppe.
  7830 | D:3      | Became a worshipper of Makhleb the Destroyer
  8054 | D:6      | Noticed Sigmund
  8066 | D:6      | Killed Sigmund
  8070 | D:6      | Reached skill level 6 in Unarmed Combat
  8527 | D:6      | Found an opulent altar of Gozag.
  8577 | D:7      | Reached XP level 9. HP: 58/58 MP: 10/14
  9009 | D:7      | Found a sparkling altar of Nemelex Xobeh.
  9014 | D:7      | Found a shadowy altar of Dithmenos.
  9016 | D:7      | Found a radiant altar of Vehumet.
  9017 | D:7      | Found an ancient bone altar of Kikubaaqudgha.
  9020 | D:7      | Found a hide-covered altar of Uskayaw.
  9103 | D:7      | Found Zouro's Weapon Shop.
 11015 | D:8      | Reached skill level 7 in Unarmed Combat
 11261 | D:8      | Reached skill level 5 in Dodging
 12060 | D:8      | Reached XP level 10. HP: 61/65 MP: 14/17
 12434 | D:8      | Reached skill level 5 in Fighting
 12740 | D:9      | Noticed Maurice
 12760 | D:9      | Killed Maurice
 12761 | D:9      | Reached skill level 8 in Unarmed Combat
 12761 | D:9      | Reached skill level 5 in Spellcasting
 13186 | D:9      | Noticed Harold
 14167 | D:9      | HP: 1/79 [Harold (13)]
 15003 | D:9      | HP: 3/79 [Harold (13)]
 16217 | D:9      | HP: 3/66 [Harold (21)]
 18087 | D:9      | Slain by Harold

Illustrated notes

Levels and vault maps discovered:
D:1:      minmay_arrival_five_plusses, layout_loops_ring
D:2:      layout_basic, hellmonk_ecumenical_altar_arch_garden,
          uniq_crazy_yiuf_cottage
D:3:      layout_basic, general_overflow_altar, kennysheep_slug_shrine,
          grunt_decor_one_mirror, minmay_misc_feat_five, uniq_ijyb
D:4:      layout_cave_pods, minmay_temple_entry_tees, kennysheep_generic_room_5
D:5:      layout_basic, serial_shops, shop, uniq_pikel
D:6:      layout_rooms, nicolae_overflow_hidden_temple, uniq_sigmund
D:7:      layout_loops_ring, minitemple, serial_shops, nicolae_take_the_stairs
D:8:      layout_gridville
D:9:      layout_loops_ring, nicolae_overflow_crystal_walls, erik_orc_1,
          uniq_harold, uniq_grum, uniq_maurice
Temple:   nicolae_temple_hex_pool

Skill      XL: |  1  2  3  4  5  6  7  8  9 10 |
---------------+-------------------------------+-----
Transmutations | 3 4 5 7 |  7.8
Poison Magic   | 1 |  1.8
Fighting       | 2 3 4 5 |  5.2
Unarmed Combat | 4 5 6 7 8 |  8.2
Ice Magic      | 3 4 |  4.0
Dodging        | 3 4 5 |  5.6
Spellcasting   | 3 4 5 |  5.1

Action                   |  1- 3 |  4- 6 |  7- 9 | 10-12 || total
-------------------------+-------+-------+-------+-------++-------
Melee: Unarmed           |    85 |   157 |   190 |   100 ||   532
       Kick              |    20 |    36 |       |       ||    56
       Constrict         |    18 |    24 |     1 |     1 ||    44
       Tentacles         |    16 |    21 |     1 |     1 ||    39
       Punch             |     3 |     5 |       |     1 ||     9
Throw: Dart              |       |       |     4 |       ||     4
 Cast: Beastly Appendage |    32 |    25 |       |       ||    57
       Spider Form       |       |    12 |    20 |     1 ||    33
       Ice Form          |       |       |     7 |    13 ||    20
Evoke: Wand              |       |     3 |     3 |     6 ||    12
  Use: Scroll            |     3 |     6 |     4 |     1 ||    14
       Potion            |     1 |     3 |     4 |     1 ||     9
 Stab: Sleeping          |     9 |     6 |     1 |       ||    16
Armor: Skin              |     1 |     4 |    29 |    10 ||    44
Dodge: Dodged            |    50 |   102 |   180 |    60 ||   392

Table legend: (Time is in decaauts)
 A = Elapsed time spent in this place.
 B = Non-inter-level travel time spent in this place.
 C = Inter-level travel time spent in this place.
 D = Time resting spent in this place.
 E = Time spent auto-exploring this place.
 F = Levels seen in this place.
 G = Mean time per level.
                   A        B        C        D        E       F      G
               +--------+--------+--------+--------+--------+-----+--------+
         Total |  18061 |  17302 |    759 |   7328 |   8080 |  10 | 1806.1 |
       Dungeon |  17989 |  17230 |    759 |   7328 |   8028 |   9 | 1998.8 |
        Temple |     71 |     71 |      0 |      0 |     52 |   1 |   71.0 |
               +--------+--------+--------+--------+--------+-----+--------+

Top non-repeatable levels by time:
     D:8: 6341 daAuts
     D:7: 2777 daAuts
     D:4: 2117 daAuts
     D:2: 1954 daAuts
     D:3: 1383 daAuts
     D:1: 1284 daAuts
     D:5: 1127 daAuts
     D:6: 739 daAuts
     D:9: 264 daAuts
  Temple: 71 daAuts
